 Dungeon Sprint DCSS version 0.21.2 (webtiles) character file.

23255 Fang the Severer (level 13, -9/96 HPs)
             Began as a Gargoyle Berserker on Sept 18, 2018.
             Was a High Priest of Trog.
             Killed from afar by a frost giant (26 damage)
             ... with a bolt of cold
             ... in the Dungeon (Sprint VII: "The Pits").
             The game lasted 00:11:27 (2960 turns).

Fang the Severer (Gargoyle Berserker)               Turns: 2960, Time: 00:11:27

Health: -9/96      AC: 29    Str: 24    XL:     13   Next: 5%
Magic:  3/3        EV: 15    Int:  9    God:    Trog [*****.]
Gold:   19         SH:  0    Dex:  9    Spells: 12/12 levels left

rFire    . . .     SeeInvis .   t - +6 executioner's axe (antimagic)
rCold    . . .     Gourm    .   (shield currently unavailable)
rNeg     + . .     Faith    .   n - +5 scale mail
rPois    ∞         Spirit   .   (no helmet)
rElec    +         Reflect  .   (no cloak)
rCorr    .         Harm     .   (no gloves)
MR       .....     NoTele   +   (no boots)
Stlth    +.........             (no amulet)
HPRegen  0.26/turn              p - +3 ring of protection
MPRegen  0.08/turn              q - +3 ring of intelligence

@: no status effects
A: molten scales 1, dopey 1, low mp 1, negative energy resistance 1, electricity
resistance, weak 1, unbreathing, petrification resistance, rot immunity, AC +9
a: Berserk, Trog's Hand, Brothers in Arms, Burn Spellbooks, Renounce Religion


You were in the Dungeon.
You worshipped Trog.
Trog was extremely pleased with you.
You were hungry.

You visited 1 branch You collected 19 gold pieces.

Inventory:

Hand Weapons
 o - a +4 battleaxe of venom
 t - a +6 antimagic executioner's axe (weapon)
 u - a +5 war axe of electrocution
 w - a +4 broad axe of freezing
 x - a +4 executioner's axe of chopping
Armour
 n - a +5 scale mail (worn)
Jewellery
 b - an uncursed ring of ice
 j - the ring "Zipix" {Ice rN+ Int-2 Slay+2}
   (You found it in the Dungeon)

   [ring of ice]

   It enhances your ice magic.
   It affects your intelligence (-2).
   It affects your accuracy and damage with ranged weapons and melee attacks
   (+2).
   It makes you vulnerable to fire.
   It protects you from cold.
   It protects you from negative energy.
 p - a +3 ring of protection (left hand)
 q - a +3 ring of intelligence (right hand)
Scrolls
 i - 2 scrolls of blinking
 k - 3 scrolls of remove curse
 l - a scroll of summoning
 z - a scroll of fear
 B - 3 scrolls of fog
 E - a scroll of identify
Potions
 a - 2 potions of invisibility
 d - 9 potions of curing
 e - 13 potions of heal wounds
 f - a potion of haste
 g - 5 potions of magic
 h - 6 potions of berserk rage
 r - 3 potions of brilliance
 s - 3 potions of agility
 v - a potion of resistance
 C - a potion of might
Comestibles
 c - 8 rations


   Skills:
 + Level 17.0 Fighting
 + Level 20.1 Axes
 + Level 14.2 Armour
 + Level 10.1 Dodging
 + Level 5.8 Stealth


You had 12 spell levels left.
You didn't know any spells.

Dungeon Overview and Level Annotations

Branches:
Dungeon (1/1)

Altars:
Ashenzari
Cheibriados
Dithmenos
Elyvilon
Fedhas
Gozag
Hepliaklqana
Kikubaaqudgha
Makhleb
Nemelex Xobeh
Okawaru
Qazlal
Ru
Sif Muna
Trog
Uskayaw
Vehumet
Wu Jian
Xom
Yredelemnul
Zin
The Shining One
Beogh
Jiyva
Lugonu


Innate Abilities, Weirdness & Mutations

You are resistant to torment.
Your stone body is resilient. (AC +9)
You are immune to poison.
You resist negative energy. (rN+)
You are resistant to electric shocks. (rElec)
You can survive without breathing.
You are immune to petrification.
You are immune to rotting.
You are partially covered in molten scales. (AC +2)
You are dopey. (Int -2)
Your magical capacity is low. (-10% MP)
You are weak. (Str -2)


Message History

The frost giant casts a spell at you. The bolt of cold misses you.
Unknown command.
The yaktaur captain shoots a bolt.
The bolt hits you!
* * * LOW HITPOINT WARNING * * *
The frost giant points at you and mumbles some strange words.
The bolt of cold hits you!
* * * LOW HITPOINT WARNING * * *
You see here a bolt.
Your troll rages.
The yaktaur captain shoots a bolt.
The bolt hits your troll!!!
Unknown command.
Your troll barely misses the yaktaur captain.
Your troll claws the yaktaur captain.
Your troll claws the yaktaur captain!
Your troll bites the yaktaur captain!
Your troll claws the yaktaur captain.
Your troll barely misses the yaktaur captain.
You feel much better.
The frost giant points at you and mumbles some strange words.
The bolt of cold hits you!
You die...

########################+#
........((.C(((..........#
........()cT....@......†)#
#######))##############)†#
#..))C.# #..# #..()..#
#..# #..))).# #..#
###))### #..# .... #..#
...... #..# #....# #..#


You could see a frost giant, a yaktaur captain and a friendly troll (berserk).

Vanquished Creatures
  A death knight (D)
  3 death yaks (D)
  Urug (D)
  A deep elf knight (D)
  A deep troll (D)
  An unseen horror (D)
  3 orc knights (D)
  2 deep elf magi (D)
  An orc sorcerer (D)
  Joseph (D)
  A black mamba (D)
  2 rime drakes (D)
  A spiny frog (D)
  An efreet (D)
  A demonic crawler (D)
  A red devil (D)
  A jumping spider (D)
  4 blink frogs (D)
  A hippogriff (D)
  A flying skull (D)
  3 redbacks (D)
  A shadow (D)
  A tarantella (D)
  5 yaks (D)
  5 vampire mosquitoes (D)
  3 insubstantial wisps (D)
  An acid dragon (D)
  An ice beast (D)
  A phantom (D)
  An eye of draining (D)
  A necrophage (D)
  A centaur (D)
  A gnoll sergeant (D)
  3 wights (D)
  A hound (D)
  2 orc wizards (D)
  Terence (D)
  10 gnolls (D)
  A river rat (D)
  An ufetubus (D)
  An ooze (D)
  2 orcs (D)
  A goblin (D)
  A hobgoblin (D)
  4 jackals (D)
  2 ball pythons (D)
  A rat (D)
85 creatures vanquished.

Vanquished Creatures (collateral kills)
  A balrug (D)
  2 orc warlords (D)
  A yaktaur captain (D)
  3 hydras (D)
  Erolcha (D)
  A great orb of eyes (D)
  A naga warrior (D)
  2 vault guards (D)
  A death yak (D)
  Nergalle (D)
  A deep elf knight (D)
  A deep troll (D)
  6 orc knights (D)
  A phantasmal warrior (D)
  An orc sorcerer (D)
  A gargoyle (D)
  A molten gargoyle (D)
  2 yaktaurs (D)
  A guardian mummy (D)
  5 redbacks (D)
  2 insubstantial wisps (D)
  An acid dragon (D)
  A soldier ant (D)
  A centaur (D)
  An earth elemental (D)
  3 gnoll shamans (D)
  8 gnolls (D)
  An adder skeleton (D)
  A kobold (D)
53 creatures vanquished.

Vanquished Creatures (others)
  A yak (D)
1 creature vanquished.

Grand Total: 139 creatures vanquished

Notes
Turn   | Place    | Note
-------+----------+-------------------------------------------
     0 | D        | Fang the Gargoyle Berserker began the quest for the Orb.
     0 | D        | Reached XP level 1. HP: 14/14 MP: 1/1
    15 | D        | HP: 1/21 [river rat (7)]
    17 | D        | Reached skill level 3 in Axes
    17 | D        | Reached XP level 2. HP: 2/20 MP: 2/2
    22 | D        | Found a bloodstained altar of Trog.
    22 | D        | Found a deep blue altar of Sif Muna.
    22 | D        | Found a viscous altar of Jiyva.
    22 | D        | Found a hazy altar of Hepliaklqana.
    22 | D        | Found an opulent altar of Gozag.
    23 | D        | Found a glowing golden altar of the Shining One.
    23 | D        | Found a glowing silver altar of Zin.
    23 | D        | Found a basalt altar of Yredelemnul.
    23 | D        | Found a shimmering altar of Xom.
    23 | D        | Found an ornate altar of the Wu Jian Council.
    23 | D        | Found a sacrificial altar of Ru.
    23 | D        | Found a stormy altar of Qazlal.
    23 | D        | Found an iron altar of Okawaru.
    23 | D        | Found a sparkling altar of Nemelex Xobeh.
    23 | D        | Found a burning altar of Makhleb.
    23 | D        | Found a blossoming altar of Fedhas.
    23 | D        | Found a white marble altar of Elyvilon.
    23 | D        | Found a shadowy altar of Dithmenos.
    23 | D        | Found a snail-covered altar of Cheibriados.
    25 | D        | Found a radiant altar of Vehumet.
    25 | D        | Found a corrupted altar of Lugonu.
    25 | D        | Found a roughly hewn altar of Beogh.
   337 | D        | Reached ** piety under Trog
   337 | D        | Reached skill level 4 in Axes
   389 | D        | Reached skill level 5 in Fighting
   389 | D        | Reached XP level 3. HP: 18/26 MP: 3/3
   564 | D        | Noticed an ice beast
   565 | D        | Reached *** piety under Trog
   573 | D        | Reached **** piety under Trog
   573 | D        | Killed an ice beast
   573 | D        | Reached skill level 6 in Axes
   573 | D        | Reached XP level 4. HP: 32/32 MP: 4/4
   573 | D        | Reached XP level 5. HP: 37/37 MP: 5/5
   715 | D        | Noticed a deep elf mage
   719 | D        | Killed a deep elf mage
   719 | D        | Reached skill level 9 in Axes
   719 | D        | Reached skill level 5 in Armour
   719 | D        | Reached skill level 5 in Dodging
   719 | D        | Reached skill level 1 in Stealth
   719 | D        | Reached XP level 6. HP: 46/46 MP: 6/6
   719 | D        | Reached XP level 7. HP: 51/51 MP: 7/7
   719 | D        | Reached ***** piety under Trog
   719 | D        | Reached skill level 10 in Axes
   746 | D        | Received a gift from Trog
   984 | D        | Noticed Joseph
   991 | D        | Killed Joseph
   991 | D        | Reached skill level 10 in Fighting
   991 | D        | Reached skill level 11 in Axes
   991 | D        | Reached XP level 8. HP: 57/57 MP: 8/8
  1059 | D        | Noticed a hippogriff
  1059 | D        | Noticed a spiny frog
  1065 | D        | Killed a hippogriff
  1067 | D        | Killed a spiny frog
  1067 | D        | Reached skill level 12 in Axes
  1067 | D        | Reached XP level 9. HP: 63/63 MP: 9/9
  1067 | D        | Reached ****** piety under Trog
  1167 | D        | Gained mutation: You are dopey. (Int -2) [potion of mutation]
  1167 | D        | Gained mutation: You are weak. (Str -2) [potion of mutation]
  1167 | D        | Gained mutation: Your magical capacity is low. (-10% MP) [potion of mutation]
  1167 | D        | Gained mutation: You are partially covered in molten scales. (AC +2) [potion of mutation]
  1216 | D        | Found a hide-covered altar of Uskayaw.
  1216 | D        | Found an ancient bone altar of Kikubaaqudgha.
  1216 | D        | Found a shattered altar of Ashenzari.
  1240 | D        | Noticed a rime drake
  1247 | D        | Killed a rime drake
  1248 | D        | Killed an unseen horror
  1248 | D        | Reached skill level 13 in Axes
  1291 | D        | Noticed a four-headed hydra
  1294 | D        | Received a gift from Trog
  1295 | D        | Noticed Urug
  1298 | D        | Killed a seven-headed hydra
  1302 | D        | Noticed Erolcha
  1308 | D        | Killed Urug
  1308 | D        | Reached skill level 14 in Axes
  1308 | D        | Reached XP level 10. HP: 71/71 MP: 2/9
  1308 | D        | Reached skill level 10 in Armour
  1312 | D        | Killed Erolcha
  1313 | D        | Received a gift from Trog
  1365 | D        | Noticed a deep elf mage
  1368 | D        | Noticed a rust devil
  1370 | D        | Killed a deep elf mage
  1443 | D        | Noticed a deep troll
  1446 | D        | Noticed a gargoyle
  1447 | D        | Noticed Terence
  1456 | D        | Killed Terence
  1456 | D        | Received a gift from Trog
  1461 | D        | Killed a gargoyle
  1461 | D        | Reached skill level 15 in Axes
  1463 | D        | Killed a deep troll
  1782 | D        | Reached XP level 11. HP: 78/78 MP: 9/9
  1806 | D        | Received a gift from Trog
  1823 | D        | Received a gift from Trog
  1886 | D        | Noticed an orc sorcerer
  1886 | D        | Noticed a phantasmal warrior
  1890 | D        | Killed a phantasmal warrior
  1893 | D        | Received a gift from Trog
  1894 | D        | Killed an orc sorcerer
  1897 | D        | Noticed a seven-headed hydra
  1898 | D        | Noticed a death yak
  1898 | D        | Reached skill level 16 in Axes
  1901 | D        | Received a gift from Trog
  1908 | D        | Killed a death yak
  1910 | D        | Received a gift from Trog
  1913 | D        | Killed a nine-headed hydra
  2178 | D        | Got the ring "Zipix" {Ice rN+ Int-2 Slay+2}
  2308 | D        | Received a gift from Trog
  2308 | D        | Reached skill level 5 in Stealth
  2386 | D        | Noticed a deep troll
  2394 | D        | Received a gift from Trog
  2399 | D        | Killed a deep troll
  2526 | D        | Noticed a deep elf knight
  2531 | D        | Reached skill level 15 in Fighting
  2533 | D        | Killed a deep elf knight
  2533 | D        | Reached skill level 17 in Axes
  2663 | D        | Noticed a death knight
  2671 | D        | Killed a death knight
  2671 | D        | Received a gift from Trog
  2671 | D        | Reached XP level 12. HP: 88/88 MP: 10/10
  2766 | D        | Noticed a death yak
  2766 | D        | Noticed a death yak
  2767 | D        | Noticed a death yak
  2775 | D        | Killed a death yak
  2776 | D        | Killed a death yak
  2776 | D        | Received a gift from Trog
  2780 | D        | Killed a death yak
  2780 | D        | Reached skill level 18 in Axes
  2886 | D        | Noticed a six-headed hydra
  2892 | D        | Killed a seven-headed hydra
  2895 | D        | Noticed an orc warlord
  2895 | D        | Noticed an orc warlord
  2900 | D        | Received a gift from Trog
  2901 | D        | Noticed a naga warrior
  2903 | D        | Noticed a vault guard
  2904 | D        | Killed an orc warlord
  2908 | D        | Noticed a yaktaur captain
  2908 | D        | Noticed a deep elf knight
  2909 | D        | Killed an orc warlord
  2911 | D        | Noticed a great orb of eyes
  2911 | D        | Reached skill level 10 in Dodging
  2913 | D        | Noticed Nergalle
  2913 | D        | Reached skill level 19 in Axes
  2913 | D        | Killed a vault guard
  2914 | D        | Killed a deep elf knight
  2914 | D        | Received a gift from Trog
  2916 | D        | Killed a great orb of eyes
  2916 | D        | Received a gift from Trog
  2917 | D        | Noticed a vault guard
  2919 | D        | Killed a naga warrior
  2925 | D        | Killed a yaktaur captain
  2927 | D        | Killed Nergalle
  2928 | D        | Killed a vault guard
  2929 | D        | Reached XP level 13. HP: 90/95 MP: 3/11
  2931 | D        | Noticed a balrug
  2931 | D        | Received a gift from Trog
  2932 | D        | Killed a balrug
  2932 | D        | Reached skill level 20 in Axes
  2933 | D        | Noticed a yaktaur captain
  2944 | D        | Noticed a frost giant
  2956 | D        | HP: 2/96 [frost giant/bolt of cold (23)]
  2960 | D        | Killed from afar by a frost giant

Skill      XL: |  1  2  3  4  5  6  7  8  9 10 11 12 13 |
---------------+----------------------------------------+-----
Fighting       | 4 5 6 9 10 12 13 15 16 17 | 17.0
Axes           | 3 4 6 9 11 12 14 15 17 19 20 | 20.1
Dodging        | 2 3 5 6 7 8 9 10 | 10.1
Armour         | 3 5 7 9 11 13 14 | 14.2
Stealth        | 1 2 3 4 5 |  5.8

Action                   |  1- 3 |  4- 6 |  7- 9 | 10-12 | 13-15 || total
-------------------------+-------+-------+-------+-------+-------++-------
Melee: Hand axe          |    29 |     6 |    80 |    71 |       ||   186
       Executioner's axe |       |       |       |    54 |       ||    54
       Broad axe         |       |       |       |     7 |       ||     7
Invok: Berserk           |     3 |     1 |     4 |    11 |       ||    19
       Brothers in Arms  |       |       |     1 |     9 |     2 ||    12
       Burn Spellbooks   |       |       |       |     1 |       ||     1
  Use: Potion            |       |       |     1 |     4 |     2 ||     7
       Scroll            |       |       |       |     4 |       ||     4
 Stab: Distracted        |       |       |       |     1 |       ||     1
  Eat: Chunk             |       |     2 |     6 |    16 |     1 ||    25
       Ration            |       |       |       |     1 |       ||     1
Armor: Animal skin       |    10 |       |       |       |       ||    10
       Scale mail        |       |     3 |    34 |    91 |       ||   128
Dodge: Dodged            |    21 |     5 |    50 |   130 |     7 ||   213
